Map: Estação Rei Sejong ER

Players

TheZergLord - Winner!

  • Race: Zerg Zerg
  • League: Master
  • Spawn Location: 11:00

Swat

  • Race: Terran Terran
  • Spawn Location: 5:00

VOD

Have the link to the VOD?

Description

Time

  • Played on: May 24, 2016, 3:19 p.m.
  • Length: 4:26
Show
View Real Time Build Order
Export as new Build Order

TheZergLord Zerg - Winner!

Build Orders: Hatch First, Ravager All-In 

Get SALT Encoding   

  12  0:01  Drone  
  13  0:13  Overlord  
  13  0:17  Drone  
  14  0:31  Drone x2  
  14  0:35  Drone  
  17  0:54  Drone  
  18  1:04  Drone  
  18  1:05  Hatchery  
  18  1:14  Spawning Pool  
  18  1:18  Drone  
  18  1:19  Extractor  
  18  1:24  Drone  
  18  1:28  Drone  
  19  1:39  Drone  
  20  1:42  Extractor  
  19  1:51  Drone  
  20  2:01  Queen  
  20  2:03  Roach Warren  
  21  2:13  Overlord  
  21  2:18  Queen  
  21  2:20  Drone  
  21  2:22  Drone  
  26  2:37  Drone  
  26  2:45  Roach  
  26  2:50  Roach  
  30  2:52  Overlord  
  30  2:55  Queen  
  32  3:02  Roach  
  32  3:05  Ravager  
  35  3:12  Ravager  
  36  3:15  Roach  
  38  3:25  Roach  
  38  3:26  Ravager  
  41  3:49  Ravager  
  41  3:51  Overlord x2  
  42  4:04  Ravager  
  43  4:17  Hatchery  
Show
View Real Time Build Order
Export as new Build Order

Swat Terran 

Build Orders:  

Get SALT Encoding   

  12  0:01  SCV  
  13  0:13  SCV  
  14  0:17  Supply Depot  
  14  0:25  SCV  
  15  0:39  SCV, Barracks  
  16  0:51  SCV  
  17  1:03  SCV  
  18  1:09  Refinery  
  18  1:12  Refinery  
  18  1:15  SCV  
  19  1:27  SCV, Supply Depot  
  19  1:29  Marine  
  21  1:40  SCV  
  22  1:48  Marine  
  22  1:49  Bunker  
  22  1:53  Factory  
  23  2:01  Bunker  
  23  2:06  Marine  
  24  2:23  Orbital Command  
  24  2:24  Marine  
  25  2:39  Starport  
  25  2:42  Marine  
  26  2:46  Factory Tech Lab  
  26  2:48  SCV  
  27  2:55  Supply Depot  
  27  2:59  Marine  
  28  3:10  SCV  
  29  3:15  Barracks, Factory Tech Lab  
  29  3:20  Supply Depot  
  29  3:24  Marine  
  30  3:31  Banshee  
  33  3:38  SCV  
  34  3:51  Supply Depot  
  34  3:58  Supply Depot  
  34  4:00  Marine  
  35  4:07  Supply Depot  
  35  4:16  Barracks Tech Lab  
Tags
 
Add a new tag
Caveats
  • Supply blocks, unpowered buildings, or Contaminate may cause inaccurate times.
  • Supply counts are checked every 10 seconds.